 Dungeon Crawl Stone Soup version 0.21-a0-94-gdd6ab6a (webtiles) character file.

27064 Lavandula the Cruncher (level 13, -3/95 HPs)
             Began as a Mummy Arcane Marksman on July 2, 2017.
             Was a High Priest of Kikubaaqudgha.
             Slain by a five-headed hydra (4 damage)
             ... on level 6 of the Lair of Beasts on July 3, 2017.
             The game lasted 01:43:55 (11967 turns).

Lavandula the Cruncher (Mummy Arcane Marksman)     Turns: 11967, Time: 01:44:05

Health: -3/95      AC: 10    Str: 14    XL:     13   Next: 2%
Magic:  0/26       EV: 15    Int: 14    God:    Kikubaaqudgha [*****.]
Gold:   495        SH:  0    Dex: 15    Spells: 4/30 levels left

rFire    x . .     SeeInvis .   o - +8 quarterstaff (chaos)
rCold    + . .     Gourm    .   (shield currently unavailable)
rNeg     + + +     Faith    .   Y - +0 troll leather armour
rPois    ∞         Spirit   +   i - +2 helmet
rElec    .         Reflect  .   S - scarf {Spirit}
rCorr    .         Harm     .   t - +1 pair of gloves
MR       ++...                  r - +0 pair of boots
Stlth    +.........             L - amulet of regeneration
HPRegen  1.05/turn              E - ring of wizardry
MPRegen  0.20/turn              B - ring of protection from magic

@: about to teleport
A: no food or potions, fire vulnerability, cold resistance 1, negative energy
resistance 3, torment resistance, unbreathing, in touch with death 1
a: Receive Corpses, Torment, Renounce Religion


You were on level 6 of the Lair of Beasts.
You worshipped Kikubaaqudgha.
Kikubaaqudgha was extremely pleased with you.
You were not hungry.

You visited 4 branches of the dungeon, and saw 20 of its levels.
You also visited: Labyrinth.

You collected 965 gold pieces.
You spent 470 gold pieces at shops.

Inventory:

Hand Weapons
 b - a +2 hand crossbow of flaming
 o - a +8 quarterstaff of chaos (weapon)
 u - a +2 hand crossbow of freezing
 A - a +0 blowgun
Missiles
 d - 62 bolts
Armour
 e - the +0 ring mail "Miprem" {Dex+7}
   (You found it on level 5 of the Lair of Beasts)

   It affects your dexterity (+7).
 f - a +2 robe of the Archmagi
 i - a +2 helmet (worn)
 k - the -5 cloak of Ru's Scorn {MR++}
   (You found it on level 6 of the Lair of Beasts)

   It affects your resistance to hostile enchantments.
 p - a +1 cloak of invisibility
 r - a +0 pair of boots (worn)
 t - a +1 pair of gloves (worn)
 y - a +2 leather armour of cold resistance
 D - the +0 buckler "Plog" {Int+7}
   (You found it on level 3 of the Lair of Beasts)

   It affects your intelligence (+7).
 N - a +1 robe of cold resistance
 S - a scarf of spirit shield (worn)
 Y - a +0 troll leather armour (worn)
Magical Staves
 n - an uncursed staff of power
Jewellery
 a - a +4 ring of intelligence
 h - an uncursed ring of magical power
 l - an uncursed ring of fire
 w - an uncursed ring of ice
 B - a ring of protection from magic (right hand)
 E - a ring of wizardry (left hand)
 L - an amulet of regeneration (around neck)
Wands
 g - a wand of random effects (30/48)
 F - a wand of acid (0/15)
 I - a wand of confusion (0/48)
 O - a wand of digging (15/24)
 P - a wand of random effects (26/48)
 W - a wand of lightning (10/15)
Scrolls
 c - a scroll of magic mapping
 m - 4 scrolls of amnesia
 s - 3 scrolls of teleportation
 v - 4 scrolls of fog
 x - 2 scrolls of recharging
 J - a scroll of brand weapon
 M - a scroll of torment {unknown}
 Q - a scroll of summoning
 R - a scroll of vulnerability
 T - 2 scrolls of immolation {unknown}
 U - 3 scrolls of remove curse
Books
 j - Gaintist's Disquisition on Changing and Execration
   (You found it in a labyrinth)

   Spells                             Type                      Level
   a - Confusing Touch                Hexes                        1
   b - Passwall                       Transmutation/Earth          2
   c - Confuse                        Hexes                        3
   d - Petrify                        Transmutation/Earth          4
   e - Yara's Violent Unravelling     Hexes/Transmutation          5
   f - Alistair's Intoxication        Transmutation/Poison         5
 q - a book of Misfortune

   Spells                             Type                      Level
   a - Confusing Touch                Hexes                        1
   b - Confuse                        Hexes                        3
   c - Gell's Gravitas                Translocation                3
   d - Petrify                        Transmutation/Earth          4
   e - Metabolic Englaciation         Hexes/Ice                    5
   f - Yara's Violent Unravelling     Hexes/Transmutation          5
 z - a book of Frost

   Spells                             Type                      Level
   a - Freeze                         Ice                          1
   b - Throw Frost                    Conjuration/Ice              2
   c - Ozocubu's Armour               Charms/Ice                   3
   d - Throw Icicle                   Conjuration/Ice              4
   e - Summon Ice Beast               Ice/Summoning                4
 C - Kikubaaqudgha's Guide on Evil
   (Kikubaaqudgha gifted it to you on level 7 of the Dungeon)

   Spells                             Type                      Level
   a - Animate Skeleton               Necromancy                   1
   b - Pain                           Necromancy                   1
   c - Corpse Rot                     Necromancy                   2
   d - Vampiric Draining              Necromancy                   3
   e - Control Undead                 Necromancy                   4
 G - a book of Battle

   Spells                             Type                      Level
   a - Infusion                       Charms                       1
   b - Shroud of Golubria             Charms/Translocation         2
   c - Song of Slaying                Charms                       2
   d - Spectral Weapon                Hexes/Charms                 3
   e - Regeneration                   Charms/Necromancy            3
 K - Kikubaaqudgha's Compendium of Evil
   (Kikubaaqudgha gifted it to you on level 9 of the Dungeon)

   Spells                             Type                      Level
   a - Animate Dead                   Necromancy                   4
   b - Excruciating Wounds            Charms/Necromancy            5
   c - Agony                          Necromancy                   5
   d - Dispel Undead                  Necromancy                   5
   e - Death Channel                  Necromancy                   6
Miscellaneous
 H - a lamp of fire (inert)
 V - a lightning rod (4/4)
 X - a crystal ball of energy


   Skills:
 - Level 6.7 Fighting
 - Level 11.0 Staves
 - Level 4.9 Crossbows
 - Level 5.7 Dodging
 + Level 9.1 Spellcasting
 - Level 5.4 Hexes
 - Level 5.5 Charms
 - Level 6.1 Necromancy
 - Level 2.1 Ice Magic
 - Level 4.5 Evocations


You had 4 spell levels left.
You knew the following spells:

 Your Spells              Type           Power        Failure   Level  Hunger
a - Corona                Hex            ###....      1%          1    N/A
b - Slow                  Hex            ###.....     1%          2    N/A
c - Confuse               Hex            ###.....     1%          3    N/A
d - Cause Fear            Hex            ###.......   6%          4    N/A
e - Animate Skeleton      Necr           N/A          1%          1    N/A
f - Vampiric Draining     Necr           #####.....   1%          3    N/A
g - Spectral Weapon       Hex/Chrm       ###.....     1%          3    N/A
h - Shroud of Golubria    Chrm/Tloc      ##........   2%          2    N/A
i - Control Undead        Necr           #####.....   4%          4    N/A
j - Ozocubu's Armour      Chrm/Ice       ###.....     3%          3    N/A

Dungeon Overview and Level Annotations

Branches:
Dungeon (12/15)            Temple (1/1) D:7            Lair (6/6) D:9
 Shoals (0/4) Lair:2        Slime (0/5) Lair:6          Orc (1/2) D:11
  Snake: Lair:2-4    Spider: Lair:2-4

Altars:
Ashenzari
Cheibriados
Dithmenos
Elyvilon
Fedhas
Gozag
Hepliaklqana
Kikubaaqudgha
Makhleb
Qazlal
Ru
Sif Muna
Trog
Uskayaw
Vehumet
Wu Jian
Xom
Yredelemnul
Zin
The Shining One

Shops:
D:4 :(*%   D:7 :   D:10 *   D:11 *

Portals:
Trove: D:10 (give 15 scrolls of teleportation)

Annotations:
D:11 exclusion: downstairs


Innate Abilities, Weirdness & Mutations

You do not eat or drink.
Your flesh is vulnerable to fire.
You are immune to poison.
Your flesh is cold resistant. (rC+)
You are immune to negative energy. (rN+++)
You are immune to unholy pain and torment.
You can survive without breathing.
You are in touch with the powers of death.


Message History

The five-headed hydra bites you!
The five-headed hydra bites you but does no damage.
The five-headed hydra bites you!
* * * LOW HITPOINT WARNING * * *
The five-headed hydra bites you!
* * * LOW HITPOINT WARNING * * *
The five-headed hydra bites you!
* * * LOW HITPOINT WARNING * * *
Unknown command.
Okay, then.
Okay, then.
You hit the five-headed hydra.
You hear strange and distant voices.
The five-headed hydra is almost dead.
The five-headed hydra misses you. The five-headed hydra bites you.
* * * LOW HITPOINT WARNING * * *
The five-headed hydra bites you but does no damage.
The five-headed hydra bites you.
You die...
Kikubaaqudgha rasps: "You have failed me!
Welcome... oblivion!"

###..........#.##.......
###.##....#####.......
#####...# ###.P....
##..# #......#. #..#
##.##.P..
#..#####.##....
#...#....##....
######.##...P.##Y..
#P@##...#..P.P.....
##D......YPPk......
#Y#k.##...PP#....##
###..###....PP..###
#.................#
#.#..##......###....
#.#..##....#.# ....
##...##.#..#..# .#..
#...##.#...#.# ..#.


You could see a five-headed hydra, 2 elephants and a rime drake.

Vanquished Creatures
  A minotaur (Lab)
  Fannar (D:10)
  A hydra (Lair:6)
  A catoblepas (Lair:6)
  2 two-headed ogres
  A death yak (Lair:5)
  Nergalle (Lair:3)
  2 cyclopes (D:11)
  An elephant (Lair:6)
  An ugly thing (D:11)
  2 centaur zombies
  A gargoyle (D:11)
  Psyche (D:8)
  5 spiny frogs
  2 rime drakes
  4 komodo dragons
  2 hornets
  A troll (D:11)
  4 blink frogs (Lair:2)
  3 hippogriffs
  3 dream sheep (Lair:6)
  2 wyverns
  15 yaks
  2 basilisks
  6 hungry ghosts
  Menkaure (D:7)
  2 soldier ants (Lair:6)
  3 water moccasins
  3 porcupines
  3 orc warriors
  3 sky beasts
  4 phantoms
  4 ice beasts
  9 ogres
  A centaur (shapeshifter) (D:3)
  10 centaurs
  8 wolves
  4 crocodiles
  A big kobold (D:7)
  7 bullfrogs
  An earth elemental (D:11)
  Blork the orc (D:4)
  A troll zombie (D:11)
  8 scorpions
  7 killer bees
  5 wights (D:7)
  13 jellies
  9 crimson imps
  5 howler monkeys
  A bullfrog zombie (D:8)
  2 quasits
  A centaur skeleton (D:4)
  6 orc priests
  Crazy Yiuf (D:2)
  12 orc wizards
  6 hounds
  Ijyb (D:4)
  A bullfrog skeleton (D:9)
  2 iguanas
  Natasha (D:3)
  12 worker ants
  3 killer bee zombies
  5 ogre zombies (D:11)
  A hound zombie (D:10)
  A hound skeleton (D:4)
  2 worker ant zombies
  Robin (D:4)
  A howler monkey skeleton (D:10)
  2 gnolls (D:6)
  7 adders
  2 shadow imps
  An ooze (D:2)
  2 adder skeletons
  An adder zombie (D:5)
  2 worms (D:2)
  A dart slug (D:3)
  9 leopard geckos
  36 orcs
  7 giant cockroaches
  13 goblins
  9 hobgoblins
  9 jackals
  20 kobolds
  7 quokkas
  5 bats
  10 frilled lizards
  A goblin zombie (D:11)
  3 hobgoblin zombies (D:11)
  A jackal zombie (D:5)
  2 leopard gecko zombies
  2 orc skeletons (D:11)
  11 orc zombies (D:11)
  2 rats
403 creatures vanquished.

Vanquished Creatures (collateral kills)
  A hydra (D:11)
  2 two-headed ogres (D:9)
  A death yak (Lair:5)
  An elephant (Lair:6)
  A spiny frog (Lair:5)
  A dream sheep (Lair:6)
  A yak (Lair:6)
  A soldier ant (Lair:6)
  A crocodile (Lair:5)
  A hound (D:9)
  2 orc wizards (D:9)
  A goblin skeleton (D:11)
  An orc zombie (D:11)
15 creatures vanquished.

Vanquished Creatures (others)
  22 fungi (Lair:6)
  A plant (Lair:6)
  15 spectral weapons
38 creatures vanquished.

Grand Total: 456 creatures vanquished

Notes
Turn   | Place    | Note
-------+----------+-------------------------------------------
     0 | D:1      | Lavandula the Mummy Arcane Marksman began the quest for the Orb.
     0 | D:1      | Reached XP level 1. HP: 15/15 MP: 2/2
   331 | D:1      | Reached XP level 2. HP: 21/21 MP: 2/4
   379 | D:2      | Learned a level 2 spell: Slow
   491 | D:2      | Reached XP level 3. HP: 24/26 MP: 3/5
   831 | D:3      | Reached XP level 4. HP: 18/32 MP: 1/6
  1151 | D:3      | Reached XP level 5. HP: 11/37 MP: 1/7
  1428 | D:3      | Noticed Natasha
  1440 | D:3      | Killed Natasha
  1459 | D:2      | Found a burning altar of Makhleb.
  1626 | D:2      | Found a runed door.
  1631 | D:2      | Noticed Crazy Yiuf
  1657 | D:2      | Killed Crazy Yiuf
  1785 | D:4      | Noticed a hippogriff
  1879 | D:2      | Noticed a dagger
  1879 | D:2      | Noticed a dagger
  1880 | D:2      | Found a hide-covered altar of Uskayaw.
  2159 | D:3      | Noticed Natasha
  2162 | D:3      | Noticed Natasha
  2162 | D:3      | Natasha changed into Natasha the centaur
  2169 | D:3      | Killed Natasha the centaur
  2169 | D:3      | Reached skill level 2 in Staves
  2169 | D:3      | Reached XP level 6. HP: 27/43 MP: 8/8
  2274 | D:4      | Noticed Robin
  2282 | D:4      | Killed Robin
  2405 | D:4      | Noticed Blork the orc
  2433 | D:5      | Entered Level 5 of the Dungeon
  2469 | D:4      | Found Tuafyigg's General Store.
  2533 | D:4      | Found Cifamnah's Food Emporium.
  2581 | D:4      | Found Tossoamn's Weapon Shop.
  2624 | D:4      | Reached skill level 3 in Staves
  2650 | D:4      | Found a shadowy altar of Dithmenos.
  2664 | D:4      | Reached skill level 4 in Staves
  2664 | D:4      | Reached XP level 7. HP: 31/48 MP: 9/9
  2671 | D:4      | Found Voiz's Book Emporium.
  2918 | D:4      | Killed Blork the orc
  2935 | D:4      | Found a glowing silver altar of Zin.
  2938 | D:4      | Noticed an angel
  2947 | D:4      | Found a bloodstained altar of Trog.
  3198 | D:5      | Learned a level 3 spell: Confuse
  3652 | D:5      | Learned a level 4 spell: Cause Fear
  3674 | D:5      | Reached XP level 8. HP: 52/55 MP: 1/13
  4118 | D:6      | Found a white marble altar of Elyvilon.
  4149 | D:6      | Noticed a hornet
  4163 | D:6      | Killed a hornet
  4631 | D:6      | Reached XP level 9. HP: 66/66 MP: 11/14
  4845 | D:6      | Found a radiant altar of Vehumet.
  4845 | D:6      | Found a faded altar of an unknown god.
  4850 | D:6      | Found a faded altar of an unknown god.
  4869 | D:6      | Reached skill level 5 in Hexes
  4877 | D:6      | Found a hazy altar of Hepliaklqana.
  4878 | D:6      | Found a snail-covered altar of Cheibriados.
  5021 | D:7      | Noticed a two-headed ogre
  5123 | D:7      | Found a staircase to the Ecumenical Temple.
  5129 | Temple   | Entered the Ecumenical Temple
  5228 | Temple   | Became a worshipper of Kikubaaqudgha
  5372 | D:7      | Found a sacrificial altar of Ru.
  5425 | D:7      | Reached skill level 5 in Fighting
  5737 | D:7      | Noticed Menkaure
  5750 | D:7      | Killed Menkaure
  5794 | D:7      | Found Usemuc's Book Boutique.
  5802 | D:7      | fuck
  5802 | D:7      | should have picked ash
  5831 | D:7      | Reached * piety under Kikubaaqudgha
  5831 | D:7      | Identified Kikubaaqudgha's Guide on Evil (Kikubaaqudgha gifted it to you on level 7 of the Dungeon)
  5831 | D:7      | Received a gift from Kikubaaqudgha
  5836 | D:7      | Reached skill level 5 in Staves
  5840 | D:7      | Learned a level 1 spell: Animate Skeleton
  5844 | D:7      | Learned a level 3 spell: Vampiric Draining
  5912 | D:7      | Killed a two-headed ogre
  5912 | D:7      | Reached skill level 6 in Staves
  6179 | D:8      | Reached XP level 10. HP: 76/77 MP: 15/15
  6335 | D:8      | Noticed Psyche
  6346 | D:8      | Killed Psyche
  6635 | D:4      | Noticed Ijyb
  6658 | D:4      | Killed Ijyb
  6684 | D:4      | Bought a book of Battle for 400 gold pieces
  6813 | D:7      | Learned a level 3 spell: Spectral Weapon
  6952 | D:8      | Reached skill level 1 in Charms
  7046 | D:9      | Reached ** piety under Kikubaaqudgha
  7125 | D:9      | Reached skill level 5 in Spellcasting
  7162 | D:9      | Found a staircase to the Lair.
  7162 | D:9      | Noticed a two-headed ogre
  7178 | D:9      | Killed a two-headed ogre
  7182 | D:9      | Learned a level 2 spell: Shroud of Golubria
  7207 | D:9      | Noticed a two-headed ogre
  7216 | D:9      | Killed a two-headed ogre
  7216 | D:9      | Reached skill level 7 in Staves
  7498 | D:10     | Entered Level 10 of the Dungeon
  7550 | D:9      | Learned a level 4 spell: Control Undead
  7558 | D:9      | Reached skill level 8 in Staves
  7721 | D:9      | Reached *** piety under Kikubaaqudgha
  7721 | D:9      | Identified Kikubaaqudgha's Compendium of Evil (Kikubaaqudgha gifted it to you on level 9 of the Dungeon)
  7721 | D:9      | Received a gift from Kikubaaqudgha
  7959 | D:10     | Noticed Fannar
  7976 | D:10     | Reached XP level 11. HP: 80/83 MP: 7/21
  7996 | D:10     | Killed Fannar
  7996 | D:10     | Reached skill level 9 in Staves
  8026 | D:10     | Found a portal to a secret trove of treasure.
  8031 | D:10     | Found Ipsafaap's Assorted Antiques.
  8047 | D:10     | Bought a scroll labeled YGOUXU WULACK for 35 gold pieces
  8047 | D:10     | Bought a scroll labeled QOUJAIFAID for 35 gold pieces
  8342 | D:10     | definitely should've went with ash
  8736 | D:11     | Reached skill level 10 in Staves
  8772 | D:11     | Noticed a two-headed ogre
  8784 | D:11     | Killed a two-headed ogre
  8802 | D:11     | Found Awuarato's Pet Rocks.
  8889 | D:11     | Noticed a four-headed hydra
  8902 | D:11     | Killed a four-headed hydra
  8951 | D:11     | Noticed a green ugly thing
  8958 | D:11     | Killed a green ugly thing
  8958 | D:11     | Reached **** piety under Kikubaaqudgha
  9112 | D:11     | Found a staircase to the Orcish Mines.
  9176 | Orc:1    | Entered Level 1 of the Orcish Mines
  9176 | Orc:1    | Noticed an ettin
  9370 | D:11     | Noticed a purple ugly thing
  9498 | Lair:1   | Entered Level 1 of the Lair of Beasts
  9534 | Lair:1   | Reached skill level 5 in Necromancy
  9548 | Lair:1   | Reached ***** piety under Kikubaaqudgha
  9728 | Lair:2   | Found a labyrinth entrance.
  9740 | Lab      | Entered a labyrinth
 10130 | Lab      | Noticed a minotaur
 10177 | Lab      | Killed a minotaur
 10211 | Lab      | Identified Gaintist's Disquisition on Changing and Execration
 10316 | Lair:2   | Reached skill level 11 in Staves
 10468 | Lair:2   | Reached XP level 12. HP: 78/89 MP: 15/22
 10537 | Lair:2   | Learned a level 3 spell: Ozocubu's Armour
 10551 | Lair:3   | Reached skill level 1 in Ice Magic
 10559 | Lair:3   | Got a spiked buckler
 10566 | Lair:3   | Identified the cursed +0 buckler "Plog" {Int+7} (You found it on level 3 of the Lair of Beasts)
 10744 | Lair:3   | Noticed Nergalle
 10752 | Lair:3   | Killed Nergalle
 10888 | Lair:4   | Noticed a five-headed hydra
 10899 | Lair:4   | Noticed a six-headed hydra
 10981 | Lair:5   | Reached skill level 5 in Dodging
 11097 | Lair:5   | Noticed a death yak
 11110 | Lair:5   | Killed a death yak
 11110 | Lair:5   | Reached skill level 1 in Evocations
 11113 | Lair:5   | Noticed a death yak
 11194 | Lair:5   | Killed a death yak
 11238 | Lair:5   | Got a crude ring mail
 11249 | Lair:5   | Identified the +0 ring mail "Miprem" {Dex+7} (You found it on level 5 of the Lair of Beasts)
 11324 | Lair:6   | Entered Level 6 of the Lair of Beasts
 11442 | Lair:6   | Got an ichor-stained cloak
 11446 | Lair:6   | Noticed a queen ant
 11477 | Lair:6   | Noticed an eight-headed hydra
 11512 | Lair:5   | Identified the cursed -5 cloak of Ru's Scorn {MR++} (You found it on level 6 of the Lair of Beasts)
 11659 | Lair:6   | Noticed a six-headed hydra
 11669 | Lair:6   | Killed a six-headed hydra
 11726 | Lair:6   | Reached skill level 5 in Charms
 11796 | Lair:6   | Found a staircase to the Slime Pits.
 11865 | Lair:6   | Noticed a catoblepas
 11883 | Lair:6   | Killed a catoblepas
 11913 | Lair:6   | Gained mutation: You are in touch with the powers of death. [Mummy growth]
 11913 | Lair:6   | Reached XP level 13. HP: 80/95 MP: 10/25
 11965 | Lair:6   | HP: 3/95 [five-headed hydra (8)]
 11967 | Lair:6   | HP: 1/95 [five-headed hydra (4)]
 11967 | Lair:6   | Slain by a five-headed hydra

Vault maps used:
D:1:      dpeg_arrival_shelter
D:2:      bloody_makhleb, dancing_weapons_uskayaw, uniq_crazy_yiuf_cottage
D:3:      uniq_natasha
D:4:      zin_angel, grunt_dithmenos_smoke_and_mirrors, lightli_temple_of_fire,
          serial_shops, shop_fountains, shop_fountains, nicolae_shop_waterfront,
          nicolae_shop_waterfront, grunt_ministairs_15, fountainhead,
          uniq_robin, uniq_ijyb, uniq_blork_the_orc
D:5:      first_bread
D:6:      elyvilon_altar_1, chequers_temple_overflow_minitemple,
          trog_hazing_becter
D:7:      minmay_temple_entry_hall, serial_shops, shop, lemuel_tele_altar,
          uniq_menkaure
D:8:      blue_anna_alchemist, uniq_erica, uniq_psyche
D:9:      lair_entry_dummy, st_stairs_3, kennysheep_generic_room_4
D:10:     enter_trove_0, serial_shops, shop, uniq_fannar
D:11:     zombieorc1_lemuel, guppyfry_shop_earth
D:12:     serial_shops, kennysheep_little_box, nicolae_shop_behind_doors
Temple:   nicolae_temple_figure_eight
Lair:1:   kennysheep_abandoned_house
Lair:2:   minmay_shoals_entry_lonely_mermaid, lab_entry_generic
Lair:3:   dummy_spider_entry, uniq_harold, uniq_nergalle
Lair:4:   basic_altar, uniq_kirke
Lair:5:   beast_lair_carwin_3, uniq_rupert
Lair:6:   evil_forest, minmay_slime_entry_jelly_boxes, minivault_29,
          grunt_megastairs_2, infiniplex_staircase_pool_2
Orc:1:    serial_shops, nicolae_shop_waterfront, shop, shop, shop,
          nicolae_orc_bridge_out, rock_pile
Lab:      labyrinth_mini_lab, nicolae_lab_arrow, nicolae_lab_plus,
          nicolae_lab_stuck, lab_statue

Skill      XL: |  1  2  3  4  5  6  7  8  9 10 11 12 13 |
---------------+----------------------------------------+-----
Crossbows      | 2 3 4 |  4.9
Staves         | 2 4 6 8 11 | 11.0
Hexes          | 3 4 5 |  5.4
Spellcasting   | 3 7 8 9 |  9.1
Fighting       | 4 6 |  6.7
Dodging        | 4 5 |  5.7
Necromancy     | 3 6 |  6.1
Charms         | 2 5 |  5.5
Ice Magic      | 2 |  2.1
Evocations     | 4 |  4.5

Action                   |  1- 3 |  4- 6 |  7- 9 | 10-12 | 13-15 || total
-------------------------+-------+-------+-------+-------+-------++-------
Melee: Dagger            |     3 |    13 |       |       |       ||    16
       War axe           |       |     9 |       |       |       ||     9
       Quarterstaff      |       |    85 |   236 |   597 |    12 ||   930
 Fire: Hand crossbow     |    64 |    85 |   110 |    16 |       ||   275
 Cast: Corona            |    21 |    15 |    17 |     5 |       ||    58
       Slow              |       |     8 |     5 |     1 |       ||    14
       Confuse           |       |       |    23 |    37 |       ||    60
       Animate Skeleton  |       |       |     2 |    43 |       ||    45
       Spectral Weapon   |       |       |       |    76 |     3 ||    79
       Vampiric Draining |       |       |       |    10 |       ||    10
       Control Undead    |       |       |       |     9 |       ||     9
       Shroud of Golubri |       |       |       |    28 |     2 ||    30
       Cause Fear        |       |       |       |     4 |       ||     4
       Ozocubu's Armour  |       |       |       |    12 |     1 ||    13
Invok: Receive Corpses   |       |       |       |     4 |       ||     4
Evoke: Lightning rod     |       |       |       |     4 |       ||     4
       Lamp of fire      |       |       |       |     1 |     1 ||     2
       Wand              |       |       |       |     5 |       ||     5
  Use: Scroll            |       |     7 |     1 |    25 |     1 ||    34
 Stab: Paralysed         |       |     2 |     2 |     6 |       ||    10
       Confused          |       |       |     4 |     8 |       ||    12
       Petrified         |       |       |     2 |     4 |       ||     6
       Petrifying        |       |       |       |     2 |       ||     2
       Distracted        |       |       |       |     5 |       ||     5
Armor: Robe              |     5 |       |    70 |    67 |       ||   142
       Leather armour    |       |    41 |       |       |       ||    41
       Troll leather arm |       |       |       |    66 |    15 ||    81
Dodge: Dodged            |    26 |   116 |   149 |   330 |    13 ||   634
